Unix NetHack Version 5.0.0-0 post-release - last build May 31 2026 23:59:36 (970b52f25bf058293b47ddfd14a1e40e571c508c,branch:main).

Game began 2026-06-04 16:57:05, ended 2026-06-04 17:04:35.

Drastanta, lawful male human Knight

               |.--                                                       ---
               ..^.>                                                    ---.--
               .)...                                                ----.....|
          -----......                                              --.......--
          .......)....                                          ----..---...|
          -#----..%%*..                                        ..|..)-    ..--
               |.---...                                       -....--.-   ...|
               --- --..                                       ...--- .    ...|
                  ---..                                       --..---..    ..|
                  |.<..                                        --.u.---    ..|
                ---.--                         ..-              ----.........|
                |.%.|                                             --....(....|
             ---|%---                                           ---..........|
             |.[|.|                                             ..%..)..|.----
             |....|                                             ....--.----
             ------

Drastanta the Esquire    St:14 Dx:9 Co:11 In:8 Wi:15 Ch:18  Lawful
Dlvl:4  $:45 HP:0(35) Pw:26(26) AC:4  Xp:4 T:1155  Burdened

Latest messages:
 Welcome to experience level 4.
 You have a little trouble lifting an elven mithril-coat.  Continue? [ynq] (q) y
 You have a little trouble lifting t - an elven mithril-coat.
 Your movements are slowed slightly because of your load.
 You hear some noises in the distance.
 You see here a tin opener.
 You hear some noises in the distance.
 You hear a nearby zap.
 The magic missile whizzes by you!
 You hear a nearby zap.
 The magic missile hits you!
 The magic missile hits the saddled pony!
 You miss the gnome lord.
 The gnome lord thrusts one of his daggers.
 The gnome lord hits!
 The gnome wields a crossbow!
 You hit the gnome lord.
 The gnome lord turns to flee.
 You hear a nearby zap.
 The magic missile hits you!
 The saddled pony misses the gnome.
 The saddled pony bites the gnome.
 The gnome wields a morning star!
 The gnome swings his morning star.
 The gnome hits!
 You kill the gnome!
 You see here a scroll labeled GARVEN DEH.
 You have a little trouble lifting u - a scroll labeled GARVEN DEH.
 There are several objects here.
 You have a little trouble lifting v - a partly used candle (lit).
 You are carrying too much to get through.
 You already found a monster.  Use 'm' prefix to force another search.
 You miss the monkey.
 The monkey hits!
 The monkey tries to grab your helm but gives up.
 The monkey bites!
 The monkey hits!
 The monkey takes off your uncursed +0 small shield.
 The monkey stole an uncursed +0 small shield.
 The monkey tries to run away with your small shield.
 You miss the monkey.
 The grid bug bites!
 You get zapped!
 The grid bug misses!
 Your candle's flame flickers low!
 You kill the grid bug!
 You hear a nearby zap.
 The magic missile hits you!
 You die...
 Do you want your possessions identified? [ynq] (y) q

Inventory:
 Coins    ('$')
  $ - 45 gold pieces
 Amulets  ('"')
  n - an uncursed amulet of guarding
 Weapons  (')')
  a - a +1 long sword (weapon in right hand)
 Armor    ('[')
  d - a blessed +0 helmet (being worn)
  f - an uncursed +0 pair of leather gloves (being worn)
  r - an uncursed +0 pair of iron shoes
  s - an uncursed +0 dwarvish cloak
  t - an uncursed +0 elven mithril-coat
  c - an uncursed +1 ring mail (being worn)
 Comestibles  ('%')
  g - 12 uncursed apples
  h - 11 uncursed carrots
  o - an uncursed cram ration
  i - an uncursed cream pie
  l - a cursed food ration
 Scrolls  ('?')
  u - a cursed scroll of amnesia
  j - a blessed scroll of blank paper
  k - an uncursed scroll of identify
 Potions  ('!')
  p - an uncursed potion of hallucination
 Wands    ('/')
  m - a wand of lightning (0:5)
 Tools    ('(')
  v - a cursed partly used tallow candle (lit)
  q - an uncursed towel

Drastanta the Knight's attributes:

Background:
 You were an Esquire, a level 4 male human Knight.
 You were lawful, nominally on a mission for Lugh
 who was opposed by Brigit (neutral) and Manannan Mac Lir (chaotic).
 You were right-handed.
 You were in the Gnomish Mines, on level 4.
 You entered the dungeon 1155 turns ago.
 You had 88 experience points, 72 more were needed to attain level 5.

Basics:
 You had 0 out of 35 hit points.
 You had all 26 energy points (spell power).
 Your armor class was 4.
 Your wallet contained 45 zorkmids.
 Autopickup was on for '$' plus thrown.

Final Characteristics:
 Your strength was 14 (limit:18/100).
 Your dexterity was 9 (limit:18).
 Your constitution was 11 (limit:18).
 Your intelligence was 8 (limit:18).
 Your wisdom was 15 (limit:18).
 Your charisma was 18 (limit:18).

Final Status:
 You weren't hungry.
 You were burdened; movement was slightly slowed.
 You were wielding a long sword.
 You had basic skill with long sword.

Final Attributes:
 You were devoutly aligned.
 You could jump.
 You were warded.
 You are dead.

Miscellaneous:
 You didn't encounter any bones levels.
 Total elapsed playing time was 7 minutes and 30 seconds.

Major events:
 Turn
    1: Drastanta the lawful male human Knight entered the dungeon
  956: attained the rank of Esquire (level 3)
  962: entered the Gnomish Mines
 1155: killed by a magic missile zapped by a gnome lord

You didn't know any spells.

Skills:
 Fighting Skills
   bare handed combat [Unskilled]
   two weapon combat  [Unskilled]
   riding             [Basic]
 Weapon Skills
   dagger             [Unskilled]
   knife              [Unskilled]
   axe                [Unskilled]
   pick-axe           [Unskilled]
   short sword        [Unskilled]
   broadsword         [Unskilled]
   long sword         [Basic]
   two-handed sword   [Unskilled]
   saber              [Unskilled]
   club               [Unskilled]
   mace               [Unskilled]
   morning star       [Unskilled]
   flail              [Unskilled]
   hammer             [Unskilled]
   polearms           [Unskilled]
   spear              [Unskilled]
   trident            [Unskilled]
   lance              [Basic]
   bow                [Unskilled]
   crossbow           [Unskilled]
 Spellcasting Skills
   attack spells      [Unskilled]
   healing spells     [Unskilled]
   clerical spells    [Unskilled]

Voluntary challenges:
 Character rerolling was not enabled.
 You were an atheist.
 You were illiterate.
 You never genocided any monsters.
 You never polymorphed an object.
 You never changed form.
 You used no wishes.
Achievements:
 You entered a shop.
 You attained the rank of Esquire.
 You entered the Gnomish Mines.

 The Dungeons of Doom: levels 1 to 4
    Level 1:
    Level 2:
    Level 3:
       A weapon shop, some fountains.
       Stairs down to The Gnomish Mines.
    Level 4:
 The Gnomish Mines:
    Level 4: <- You were here.
       Final resting place for
          you, killed by a magic missile zapped by a gnome lord.


Vanquished creatures:
  a gnome leader
  a dwarf
  2 hobbits
  9 gnomes
  a gecko
  5 jackals
  a fox
  a kobold
  3 goblins
  2 sewer rats
  2 grid bugs
  2 lichens
  6 newts
36 creatures vanquished.

No species were genocided or became extinct.

Game over:
                       ----------
                      /          \
                     /    REST    \
                    /      IN      \
                   /     PEACE      \
                  /                  \
                  |    Drastanta     |
                  |      45 Au       |
                  |   killed by a    |
                  |  magic missile   |
                  |   zapped by a    |
                  |    gnome lord    |
                  |       2026       |
                 *|     *  *  *      | *
        _________)/\\_//(\/(/\)/\//\/|_)_______

Fare thee well Drastanta the Knight...

You died in The Gnomish Mines on dungeon level 4 with 553 points,
and 45 pieces of gold, after 1155 moves.
You were level 4 with a maximum of 35 hit points when you died.

